 Dungeon Crawl Stone Soup version 0.30-a0-715-gdb4ae3ece1 (webtiles) character file.

Game seed: 5303108169405595130

14581 browni3141 the Summoner (level 12, -9/116 HPs)
             Began as a Naga Summoner on Jan 24, 2023.
             Was an Initiate of Yredelemnul.
             Mangled by a small abomination (15 damage)
             ... in a Gauntlet.
             The game lasted 00:30:25 (13496 turns).

browni3141 the Summoner (Naga Summoner)            Turns: 13496, Time: 00:30:26

Health: -9/116     AC: 12    Str: 12    XL:     12   Next: 18%
Magic:  8/18       EV: 15    Int: 19    God:    Yredelemnul [......]
Gold:   520        SH:  0    Dex: 12    Spells: 2/19 levels left

rFire   + . .      SeeInvis +    A - +6 scimitar (flame)
rCold   . . .      Faith    .    (no shield)
rNeg    + . .      Spirit   .    f - +2 robe {rN+}
rPois   +          Reflect  .    c - +2 hat
rElec   .          Harm     .    q - +0 cloak
rCorr   .          Rampage  .    B - +1 pair of gloves
Will    +....      NoTele   +    (no barding)
Stlth   ++                       (no amulet)
HPRegen 0.39/turn                d - ring of protection from fire
MPRegen 0.16/turn                j - +5 ring of evasion

@: very slow
A: AC +4, large, see invisible, deformed body, poison resistance, slowness 2,
spit poison 1, naga tail 1
a: Spit Poison, Renounce Religion, Recall Undead Harvest


You were in a Gauntlet.
You worshipped Yredelemnul.
Yredelemnul was noncommittal.
You visited 3 branches of the dungeon, and saw 14 of its levels.
You also visited: Gauntlet.

You collected 520 gold pieces.

Inventory:

Hand Weapons
 a - a +2 short sword of venom
 A - a +6 scimitar of flaming (weapon)
Missiles
 M - 10 curare-tipped darts
Armour
 c - a +2 hat (worn)
 f - a +2 robe of positive energy (worn)
 l - a +0 pair of gloves
 q - a +0 cloak (worn)
 y - a +0 tower shield
 B - a +1 pair of gloves (worn)
Jewellery
 d - a ring of protection from fire (left hand)
 e - a ring of fire
 j - a +5 ring of evasion (right hand)
 I - a ring of protection from cold
 O - a ring of flight
Wands
 s - a wand of charming (9)
 N - a wand of mindburst (8)
Scrolls
 g - 10 scrolls of teleportation
 m - a scroll of silence
 o - 2 scrolls of vulnerability
 r - 2 scrolls of noise
 t - a scroll of fog
 u - a scroll of amnesia {unknown}
 w - 2 scrolls of immolation {unknown}
 x - 2 scrolls of enchant armour {unknown}
 E - a scroll of fear {unknown}
 G - a scroll of poison {unknown}
 H - a scroll of blinking {unknown}
 L - a scroll of brand weapon {unknown}
Potions
 b - 3 potions of attraction
 h - 3 potions of mutation
 i - 2 potions of flight
 k - 7 potions of lignification
 n - 5 potions of curing
 v - a potion of haste {unknown}
 z - 2 potions of degeneration {unknown}
 D - a potion of ambrosia {unknown}
 F - a potion of berserk rage {unknown}
 J - a potion of cancellation {unknown}


   Skills:
 - Level 10.0 Fighting
 * Level 8.4 Long Blades
 - Level 1.5 Dodging
 - Level 3.0 Stealth
 - Level 3.3 Shields
 - Level 4.0 Spellcasting
 - Level 12.0 Summonings
 - Level 3.0 Air Magic
 * Level 5.7 Poison Magic
 - Level 5.0 Invocations


You had 2 spell levels left.
You knew the following spells:

 Your Spells              Type           Power      Damage    Failure   Level
a - Summon Small Mammal   Summ           100%       N/A       1%          1
b - Call Imp              Summ           49%        N/A       1%          2
c - Call Canine Familiar  Summ           49%        N/A       1%          3
d - Summon Guardian Gole  Hex/Summ       26%        N/A       3%          3
e - Summon Lightning Spi  Summ/Air       32%        N/A       6%          4
f - Olgreb's Toxic Radia  Pois           25%        N/A       13%         4

Your spell library contained the following spells:

 Spells                   Type           Power      Damage    Failure   Level
 Poisonous Vapours        Pois/Air       40%        N/A       3%          2
 Sting                    Tmut/Pois      56%        1d5       4%          1
 Magic Dart               Conj           12%        1d3       14%         1
 Searing Ray              Conj           6%         2d4       21%         2
 Fulminant Prism          Conj/Hex       1%         3d5       80%         4


Dungeon Overview and Level Annotations

Branches:
Dungeon (11/15)            Temple (1/1) D:4            Lair (2/5) D:8
 Shoals (0/4) Lair:2        Snake (0/4) Lair:2      Gauntlet (1/1)
    Orc: D:9-12

Altars:
Ashenzari
Cheibriados
Dithmenos
Elyvilon
Fedhas
Gozag
Hepliaklqana
Kikubaaqudgha
Makhleb
Nemelex Xobeh
Okawaru
Qazlal
Ru
Sif Muna
Trog
Uskayaw
Vehumet
Wu Jian
Xom
Yredelemnul
Zin
The Shining One

Portals:
Trove: D:11 (give +6 demon blade)

Annotations:
D:10 2 transporters, Newt's ghost, novice DsGl
Temple 2 transporters Gauntlet 14 transporters, 21 runed translucent doors, exclusion: oklob plant


Innate Abilities, Weirdness & Mutations

Your serpentine skin is tough. (AC +4)
You have supernaturally acute eyesight. (SInv)
Armour fits poorly on your strangely shaped body.
Your system is resistant to poisons. (rPois)
You cover ground very slowly.
You can spit poison.
You have a snake-like lower body.


Message History

The small abomination is moderately damaged.
Your wolf bites the large abomination.
The large abomination barely misses your wolf.
The small abomination hits you!
* * * LOW HITPOINT WARNING * * *
You barely miss the small abomination.
The small abomination is moderately damaged.
Your wolf bites the large abomination.
The small abomination hits you.
* * * LOW HITPOINT WARNING * * *
The large abomination closely misses your wolf.
Your wolf bites the large abomination but does no damage.
Your lightning spire shoots out a bolt of lightning at the large abomination!
The bolt of electricity hits the large abomination! x2
The large abomination is destroyed!
The bolt of electricity hits your lightning spire.
Your lightning spire completely resists.
The bolt of electricity hits your lightning spire.
Your lightning spire completely resists.
You slash the small abomination! You burn the small abomination.
The small abomination is severely damaged.
The small abomination hits you!
* * * LOW HITPOINT WARNING * * *
You barely miss the small abomination.
The small abomination is severely damaged.
The small abomination barely misses your wolf.
The small abomination hits you but does no damage.
You hit the small abomination. You burn the small abomination.
The small abomination is severely damaged.
The small abomination closely misses your wolf.
The small abomination closely misses you.
The small abomination completely misses your wolf.
You hit the small abomination. You burn the small abomination.
You punch the small abomination, but do no damage.
The small abomination is almost destroyed.
The small abomination hits you!
* * * LOW HITPOINT WARNING * * *
The small abomination closely misses your wolf.
The small abomination hits you!
You die...
Your body rises from the dead as a mindless zombie.

.#..^#.#...#.#..##.....#.#D......
.#..#...#..#.#)##.###..#.#D##...#
.#.##...##.#.#!#.##.##.#.#..##.##
##?.##.#..##.#.#.#.#.#.#.#...#.#.
©#©.#^©....#.#.#xX©#.#.#.#....©#.
.#..##.#..##.#.#x#9#.#.#.#...#.#.
.#[## .##.#.#.##.##.# # #.##
.#..#. ..#.#.x##x.# .# .#3..#
..#.#..@h8## .. .#####
################ ## .#≈≈8≈
.........©...... §8 .#####
################ ## ©.....
...©#§≈≈≈8§≈§≈#© .. ######
################ ## ©.+..#
........#.#*≈... #. ..+..#
....P.P.#.#.≈..≈ #. #+#++# .


You could see a wretched star, 2 small abominations, a friendly wolf (summoned)
and a friendly lightning spire (summoned).

Vanquished Creatures
  A rime drake (D:8)
  4 yaks
  A wyvern (D:9)
  A steam dragon (D:10)
  3 water moccasins
  Duvessa (D:7)
  2 ice beasts
  A sky beast (D:7)
  2 orc warriors
  2 wolves
  6 centaurs
  4 kobold brigands
  5 bullfrogs
  2 scorpions
  6 wights
  6 killer bees
  3 howler monkeys
  A jelly (D:4)
  2 orc priests
  2 hounds (D:7)
  2 iguanas (D:5)
  5 orc wizards
  Terence (D:3)
  8 gnolls
  4 adders
  An ufetubus (D:6)
  2 dart slugs
  26 orcs
  2 endoplasms (D:3)
  A giant cockroach (D:2)
  6 goblins
  5 hobgoblins
  5 jackals (D:3)
  A quokka (D:2)
  4 ball pythons
  A frilled lizard (D:2)
  20 kobolds
  9 rats
158 creatures vanquished.

Vanquished Creatures (collateral kills)
  Erica (D:8)
  A large abomination (Gauntlet)
  Grinder (D:3)
  A hornet (D:9)
  4 yaks
  An acid dragon (D:10)
  An orc warrior (D:9)
  A black bear (D:5)
  A sky beast (D:8)
  An ice beast (D:8)
  2 wolves (Lair:1)
  An ogre (D:5)
  A centaur (D:9)
  2 phantoms (D:5)
  A gnoll sergeant (D:10)
  8 wights
  Dowan (D:7)
  2 killer bees
  2 howler monkeys (D:9)
  A jelly (D:5)
  5 orc priests
  2 gnoll boudas
  Jessica (D:3)
  2 orc wizards (D:5)
  A gnoll (D:3)
  A dart slug (D:3)
  8 orcs
  2 bats (D:1)
  A hobgoblin (D:3)
  2 jackals (D:3)
  A ball python (D:1)
  A frilled lizard (D:1)
  4 kobolds
  4 rats
69 creatures vanquished.

Vanquished Creatures (others)
  3 two-headed ogres
  The ghost of yumyumyeen the Skirmisher, a novice GnHu of Ru (D:8)
  Sonja (Lair:1)
  A manticore (D:10)
  A cyclops (D:8)
  A troll (D:9)
  A wraith (D:9)
  A wyvern (D:9)
  7 yaks (D:10)
  An ice beast (D:8)
  2 orc warriors (D:9)
  A centaur (D:10)
  3 wolves (D:8)
  A manticore zombie (D:10)
  6 wights (D:8)
  A killer bee (D:10)
  2 yak zombies (D:10)
  A howler monkey (D:10)
  A wolf zombie (D:8)
  A bullfrog zombie (D:7)
  Crazy Yiuf (D:3)
  4 centaur zombies
  An orc priest (D:9)
  A gnoll bouda (D:6)
  2 orc wizards
  A scorpion zombie (D:6)
  4 killer bee zombies
  An ogre zombie (D:5)
  A sky beast zombie (D:8)
  An ice beast zombie (D:8)
  2 howler monkey zombies
  2 gnolls (D:6)
  An elf zombie (D:7)
  A jelly zombie (D:5)
  An adder zombie (D:5)
  2 orcs
  4 gnoll zombies
  A ball python zombie (D:4)
  6 kobold zombies
  19 orc zombies
  20 demonic plants (Gauntlet)
  A fungus (D:3)
  3 plants
  2 withered plants (D:8)
119 creatures vanquished.

Grand Total: 346 creatures vanquished

Notes
Turn   | Place    | Note
-------+----------+-------------------------------------------
     0 | D:1      | browni3141 the Naga Summoner began the quest for the Orb.
     0 | D:1      | Reached XP level 1. HP: 15/15 MP: 3/3
   156 | D:1      | Reached skill level 1 in Fighting
   277 | D:1      | Reached XP level 2. HP: 16/25 MP: 1/5
   372 | D:1      | Found a faded altar of an unknown god.
   481 | D:1      | Learned a level 2 spell: Call Imp
  1475 | D:2      | Reached XP level 3. HP: 28/33 MP: 6/6
  1844 | D:3      | Noticed Terence
  1913 | D:3      | Noticed Grinder
  1927 | D:3      | Learned a level 3 spell: Call Canine Familiar
  2145 | D:3      | Reached XP level 4. HP: 19/42 MP: 3/7
  2570 | D:3      | Found a runed translucent door.
  2571 | D:3      | Noticed Crazy Yiuf
  2674 | D:3      | Noticed Jessica
  2680 | D:3      | Killed Jessica
  2681 | D:3      | Reached skill level 5 in Summonings
  2681 | D:3      | Reached XP level 5. HP: 46/49 MP: 3/8
  3260 | D:3      | Killed Terence
  3261 | D:3      | Reached skill level 6 in Summonings
  3261 | D:3      | Reached XP level 6. HP: 40/56 MP: 5/9
  3448 | D:3      | Learned a level 3 spell: Summon Guardian Golem
  3460 | D:3      | Killed Crazy Yiuf
  3703 | D:3      | Paralysed by Grinder for 2 turns
  3708 | D:3      | Paralysed by Grinder for 4 turns
  3722 | D:3      | Killed Grinder
  3723 | D:3      | Reached skill level 7 in Summonings
  3723 | D:3      | Reached XP level 7. HP: 41/62 MP: 1/10
  3995 | D:4      | Found a bloodstained altar of Trog.
  4017 | D:4      | Found a shadowy altar of Dithmenos.
  4125 | D:4      | Found a staircase to the Ecumenical Temple.
  4143 | Temple   | Entered the Ecumenical Temple
  4143 | Temple   | Found a transporter.
  4143 | Temple   | Found a transporter.
  4145 | Temple   | Found a transporter.
  4145 | Temple   | Found a transporter.
  4162 | Temple   | Became a worshipper of Yredelemnul the Dark
  4203 | D:4      | Reached skill level 8 in Summonings
  4410 | D:4      | Reached skill level 1 in Invocations
  4416 | D:4      | Reached * piety under Yredelemnul
  4841 | D:5      | Entered Level 5 of the Dungeon
  5319 | D:5      | Reached XP level 8. HP: 39/69 MP: 8/11
  5434 | D:5      | Reached skill level 5 in Invocations
  5486 | D:5      | Found a snail-covered altar of Cheibriados.
  5597 | D:5      | Reached ** piety under Yredelemnul
  6198 | D:6      | Reached skill level 5 in Fighting
  6334 | D:6      | Reached XP level 9. HP: 23/82 MP: 13/15
  7013 | D:6      | Reached skill level 9 in Summonings
  7217 | D:7      | You fall into a shaft and drop 3 floors!
  7217 | D:10     | Entered Level 10 of the Dungeon
  7631 | D:10     | Reached skill level 10 in Summonings
  7637 | D:10     | Noticed a two-headed ogre
  7643 | D:10     | Reached XP level 10. HP: 55/98 MP: 13/16
  7778 | D:10     | Found a transporter.
  7780 | D:10     | Noticed a moth of wrath
  8408 | D:9      | Noticed a two-headed ogre
  8425 | D:9      | Reached skill level 10 in Fighting
  8430 | D:9      | Learned a level 4 spell: Summon Lightning Spire
  8449 | D:9      | Reached skill level 1 in Air Magic
  8596 | D:9      | HP: 5/102 [hornet (8)]
  8624 | D:8      | HP: 4/102 [sky beast (6)]
  9046 | D:8      | Reached skill level 11 in Summonings
  9080 | D:8      | Noticed a cyclops
  9136 | D:8      | Killed a cyclops
  9137 | D:8      | Reached XP level 11. HP: 56/108 MP: 5/17
  9232 | D:8      | Reached skill level 12 in Summonings
  9327 | D:8      | Reached skill level 1 in Shields
  9343 | D:8      | Noticed Erica
  9360 | D:8      | Killed Erica
  9614 | D:8      | Found a staircase to the Lair.
  9652 | D:8      | Reached skill level 1 in Long Blades
  9668 | D:8      | Found a runed translucent door.
  9668 | D:8      | Noticed yumyumyeen's ghost (novice GnHu)
 10581 | D:7      | Noticed Duvessa
 10582 | D:7      | Noticed Dowan
 10590 | D:7      | Killed Duvessa
 10606 | D:7      | Killed Dowan
 10634 | D:7      | Your ally Dowan died
 11128 | D:8      | Killed yumyumyeen's ghost
 11129 | D:8      | Reached skill level 5 in Long Blades
 11363 | D:9      | Noticed a two-headed ogre
 11378 | D:9      | Killed a two-headed ogre
 11380 | D:9      | Killed a two-headed ogre
 11461 | D:9      | Reached *** piety under Yredelemnul
 11965 | D:9      | Learned a level 4 spell: Olgreb's Toxic Radiance
 12181 | D:10     | Noticed a manticore
 12187 | D:10     | Killed a manticore
 12188 | D:10     | Reached skill level 1 in Poison Magic
 12342 | D:10     | Killed a two-headed ogre
 12343 | D:10     | Reached XP level 12. HP: 116/116 MP: 12/18
 12876 | D:10     | Noticed Newt's ghost (novice DsGl)
 12883 | D:10     | Found a transporter.
 12987 | D:11     | Noticed a boulder beetle
 12987 | D:11     | Found a portal to a secret trove of treasure.
 12992 | D:11     | Noticed a tengu warrior
 13063 | Lair:1   | Entered Level 1 of the Lair of Beasts
 13063 | Lair:1   | Noticed Sonja
 13087 | Lair:1   | Killed Sonja
 13088 | Lair:1   | Reached skill level 5 in Poison Magic
 13280 | Lair:1   | You fall into a shaft and drop 1 floor!
 13286 | Lair:2   | Found a gate leading to a gauntlet.
 13296 | Gauntlet | Entered a Gauntlet
 13296 | Gauntlet | Found a transporter.
 13310 | Gauntlet | Found a transporter.
 13320 | Gauntlet | Found a transporter.
 13322 | Gauntlet | Found a large runed translucent door.
 13322 | Gauntlet | Found a large runed translucent door.
 13323 | Gauntlet | Found a large runed translucent door.
 13323 | Gauntlet | Found a large runed translucent door.
 13324 | Gauntlet | Found a runed translucent door.
 13324 | Gauntlet | Found a large runed translucent door.
 13324 | Gauntlet | Found a large runed translucent door.
 13324 | Gauntlet | Found a runed translucent door.
 13324 | Gauntlet | Found a large runed translucent door.
 13324 | Gauntlet | Found a large runed translucent door.
 13325 | Gauntlet | Found a large runed translucent door.
 13325 | Gauntlet | Found a large runed translucent door.
 13327 | Gauntlet | Found a transporter.
 13329 | Gauntlet | Noticed a wretched star
 13346 | Gauntlet | Found a transporter.
 13357 | Gauntlet | Found a large runed translucent door.
 13358 | Gauntlet | Found a large runed translucent door.
 13359 | Gauntlet | Found a large runed translucent door.
 13360 | Gauntlet | Found a runed translucent gate.
 13361 | Gauntlet | Found a transporter.
 13361 | Gauntlet | Found a runed translucent gate.
 13362 | Gauntlet | Found a runed translucent gate.
 13363 | Gauntlet | Found a large runed translucent door.
 13363 | Gauntlet | Noticed a thrashing horror
 13364 | Gauntlet | Found a large runed translucent door.
 13365 | Gauntlet | Found a large runed translucent door.
 13373 | Gauntlet | Found a transporter.
 13375 | Gauntlet | Noticed a balrug
 13385 | Gauntlet | Found a transporter.
 13387 | Gauntlet | Noticed a wretched star
 13397 | Gauntlet | Found a transporter.
 13399 | Gauntlet | Noticed a green death
 13409 | Gauntlet | Found a transporter.
 13426 | Gauntlet | Found a transporter.
 13443 | Gauntlet | Found a transporter.
 13445 | Gauntlet | Found a transporter.
 13482 | Gauntlet | Found a transporter.
 13487 | Gauntlet | Found a transporter.
 13496 | Gauntlet | Mangled by a small abomination

Illustrated notes

Levels and vault maps discovered:
D:1:      psy_arrival_terrarium, layout_loops_ring,
          shapermc_ecumenical_altar_hornbeckon
D:2:      layout_basic
D:3:      layout_loops_corners, minmay_fountain_box, uniq_grinder, uniq_jessica,
          uniq_terence, uniq_crazy_yiuf_cottage
D:4:      cheibrodos_pilgrimage, layout_basic, nicolae_overflow_hidden_temple,
          nicolae_dithmenos_through_a_glass_darkly, temple_statues
D:5:      layout_basic, mainiacjoe_overflow_24_doors, kennysheep_boxes
D:6:      layout_rooms
D:7:      layout_loops_ring, minmay_misc_feat_rugged,
          nicolae_elevator_lobby_plus, uniq_duvessa
D:8:      layout_rooms, hellmonk_lair_entry_icy, gammafunk_ghost_grave,
          uniq_erica
D:9:      layout_loops_corners, onia_ninara_cookie
D:10:     layout_roguey, gammafunk_ghost_berserking_beasts,
          minmay_stone_trees_small, grunt_ministairs_9, st_stairs_2
D:11:     layout_cross, david_orc_3, serial_shops, nicolae_lakefront_shop,
          enter_trove_1, nzn_wu_jian_council_hall, uniq_urug
Temple:   hellmonk_temple_divided_pantheon
Lair:1:   layout_chaotic_city, uniq_sonja
Lair:2:   nzn_winding_woodlands_medium [nzn_winding_woodlands_hourglass,
          nzn_winding_woodlands_5x15_sidewinder,
          nzn_winding_woodlands_5x5_perimeter,
          nzn_winding_woodlands_5x5_default,
          nzn_winding_woodlands_center_garden,
          nzn_winding_woodlands_5x5_open_star, nzn_winding_woodlands_5x5_cross,
          nzn_winding_woodlands_5x15_pockets,
          nzn_winding_woodlands_5x5_default], layout_long_grid,
          minmay_shoals_entry_hut, minmay_snake_entry_guardpost_small,
          portal_ice_cave_rime, gauntlet_entry_generic, uniq_gastronok
Gauntlet: gammafunk_gauntlet_one_two_three [gammafunk_gauntlet_arena_spirals,
          gammafunk_gauntlet_arena_split_x, gammafunk_gauntlet_arena_chambers,
          nicolae_gauntlet_swirl, nicolae_gauntlet_arena_t_cross,
          nicolae_gauntlet_arena_flowing_pool, gammafunk_gauntlet_arena_hedges,
          minmay_gauntlet_arena_make_your_own_arena,
          gammafunk_gauntlet_arena_arrow_garden, gauntlet_exit_watery]

Skill      XL: |  1  2  3  4  5  6  7  8  9 10 11 12 |
---------------+-------------------------------------+-----
Fighting       | 1 2 3 6 8 10 | 10.0
Summonings     | 5 6 7 8 10 11 12 | 12.0
Invocations    | 4 5 |  5.0
Spellcasting   | 4 |  4.0
Air Magic      | 3 |  3.0
Shields        | 3 |  3.3
Long Blades    | 7 8 |  8.4
Poison Magic   | 4 5 |  5.7
Dodging        | |  1.5
Stealth        | |  3.0

Action                     |  1- 3 |  4- 6 |  7- 9 | 10-12 || total
---------------------------+-------+-------+-------+-------++-------
  Melee: Unarmed           |    67 |       |       |       ||    67
         Short sword       |    37 |     7 |   221 |   209 ||   474
         Falchion          |    20 |    57 |     9 |       ||    86
         Punch             |       |     2 |     3 |    11 ||    16
         Scimitar          |       |       |       |   146 ||   146
   Cast: Summon Small Mamm |    18 |     5 |       |       ||    23
         Call Imp          |     2 |     6 |     2 |     3 ||    13
         Call Canine Famil |       |     8 |    10 |    34 ||    52
         Summon Guardian G |       |     1 |     5 |    23 ||    29
         Summon Lightning  |       |       |       |     3 ||     3
Ability: Spit Poison       |     3 |     3 |     7 |     6 ||    19
  Evoke: Wand              |       |       |     4 |     7 ||    11
    Use: Scroll            |     4 |       |     4 |    10 ||    18
         Potion            |       |     1 |     1 |     4 ||     6
   Stab: Sleeping          |     2 |     1 |     6 |     3 ||    12
         Distracted        |       |     1 |     3 |       ||     4
 Armour: Robe              |    50 |    27 |    90 |   116 ||   283
  Dodge: Dodged            |    75 |    27 |   181 |   370 ||   653

Table legend: (Time is in decaauts)
 A = Elapsed time spent in this place.
 B = Non-inter-level travel time spent in this place.
 C = Inter-level travel time spent in this place.
 D = Time resting spent in this place.
 E = Time spent auto-exploring this place.
 F = Levels seen in this place.
 G = Mean time per level.
                   A        B        C        D        E       F      G
               +--------+--------+--------+--------+--------+-----+--------+
         Total |  16746 |  15356 |   1390 |   1406 |  10752 |  15 | 1116.4 |
       Dungeon |  16140 |  14772 |   1368 |   1406 |  10529 |  11 | 1467.3 |
        Temple |     49 |     28 |     21 |      0 |      8 |   1 |   49.0 |
          Lair |    283 |    283 |      0 |      0 |    215 |   2 |  141.5 |
      Gauntlet |    273 |    273 |      0 |      0 |      0 |   1 |  273.0 |
               +--------+--------+--------+--------+--------+-----+--------+

Top non-repeatable levels by time:
     D:3: 2470 daAuts
     D:9: 1844 daAuts
     D:8: 1837 daAuts
    D:10: 1651 daAuts
     D:5: 1625 daAuts
     D:7: 1535 daAuts
     D:4: 1439 daAuts
     D:6: 1378 daAuts
     D:1: 1225 daAuts
     D:2: 1101 daAuts
Gauntlet: 273 daAuts
  Lair:1: 262 daAuts
  Temple: 49 daAuts
    D:11: 31 daAuts
  Lair:2: 20 daAuts
